 Dungeon Crawl Stone Soup version 0.25-a0-185-g6cfeca75b2 (webtiles) character file.

Game seed: 10305201736512218393, levelgen mode: deterministic

7 MisterFreud the Charlatan (level 1, -1/9 HPs)
             Began as a Felid Artificer on Nov 28, 2019.
             Slain by a jackal (3 damage)
             ... on level 2 of the Dungeon.
             The game lasted 00:00:46 (228 turns).

MisterFreud the Charlatan (Felid Artificer)          Turns: 228, Time: 00:00:47

Health: -1/9       AC:  1    Str:  8    XL:     1   Next: 91%
Magic:  4/4        EV: 18    Int: 12    God:
Gold:   0          SH:  0    Dex: 16    Spells: 0/0 levels left
                                        Lives:  0   Deaths: 0

rFire    . . .     SeeInvis +     - Unarmed
rCold    . . .     Gourm    .   (shield unavailable)
rNeg     . . .     Faith    .   (armour unavailable)
rPois    .         Spirit   .   (helmet unavailable)
rElec    .         Reflect  .   (cloak unavailable)
rCorr    .         Harm     .   (gloves unavailable)
MR       .....                  (boots unavailable)
Stlth    ++........             (no amulet)
HPRegen  0.03/turn              (no ring)
MPRegen  0.09/turn              (no ring)

@: quick
A: very small, no armour, no weapons or thrown items, stealth, claws 1, fangs 3,
see invisible, carnivore, speed 1, shaggy fur 1, slow metabolism 1, sharp paws
a: no special abilities


You were on level 2 of the Dungeon.
You were not hungry.

You visited 1 branch of the dungeon, and saw 2 of its levels.

Inventory:

Wands
 a - a wand of flame (15)
 b - a wand of enslavement (15)
 c - a wand of random effects (15)
Comestibles
 d - a ration


   Skills:
 + Level 2.0 Fighting
 - Level 2.6 Dodging
 - Level 1.3 Stealth
 - Level 1.0 Unarmed Combat
 - Level 3.2 Evocations


You couldn't memorise any spells.
You didn't know any spells.
Your spell library was empty.

Dungeon Overview and Level Annotations

Branches:
Dungeon (2/15)

Altars:


Innate Abilities, Weirdness & Mutations

You cannot wear armour.
You are incapable of wielding weapons or throwing items.
Your paws allow you to move quietly. (Stealth)
You have sharp claws.
You have razor-sharp teeth.
You have supernaturally acute eyesight. (SInv)
You are carnivorous and can eat meat at any time.
You cover ground quickly.
You are covered in fur. (AC +1)
You have a slow metabolism.
Your sharp claws are effective at attacking unaware monsters.


Message History

You climb downwards.
There is a stone staircase leading up here.
You closely miss the jackal. The jackal bites you.
* * * LOW HITPOINT WARNING * * *
You scratch the jackal but do no damage.
The jackal closely misses you.
You scratch the jackal but do no damage.
Your bite misses the jackal. The jackal barely misses you.
The jackal completely misses you.
You scratch the jackal but do no damage.
You bite the jackal, but do no damage. The jackal closely misses you.
You scratch the jackal but do no damage.
The jackal completely misses you.
You scratch the jackal.
The jackal is moderately wounded.
The jackal misses you. The jackal barely misses you.
You closely miss the jackal.
The jackal is moderately wounded.
The jackal bites you.
You die...

######.#.##
#.h@.......
#.###....##
... ##.#
.....
#.##### #


You could see a jackal.

Vanquished Creatures
  A leopard gecko (D:1)
  2 goblins (D:1)
  A hobgoblin (D:1)
  A frilled lizard (D:1)
  A kobold (D:1)
6 creatures vanquished.

Notes
Turn   | Place    | Note
-------+----------+-------------------------------------------
     0 | D:1      | MisterFreud the Felid Artificer began the quest for the
                  | Orb.
     0 | D:1      | Reached XP level 1. HP: 9/9 MP: 4/4
   228 | D:2      | Slain by a jackal

Levels and vault maps discovered:
D:1:      ncdulo_smallfort, layout_basic, minmay_octomino_e4
D:2:      layout_loops_ring, zin_purify, minitemple, uniq_terence

Skill      XL: |  1 |
---------------+----+-----
Fighting       | 2 |  2.0
Dodging        | |  2.6
Stealth        | |  1.3
Unarmed Combat | |  1.0
Evocations     | |  3.2

Action                   || total
-------------------------++-------
Melee: Unarmed           ||    20
       Bite              ||     1
  Eat: Chunk             ||     1
Dodge: Dodged            ||    18

Table legend:
 A = Non-vault XP
 B = Vault XP
 C = Vault XP percentage of total XP
 D = Non-vault monster count
 E = Vault monster count
 F = Vault count percentage of total count
                 A         B        C        D         E       F
            +---------+---------+-------+---------+---------+-------
      Total |      11 |       0 |   0.0 |       6 |       0 |   0.0
            +---------+---------+-------+---------+---------+-------
        D:1 |      11 |       0 |   0.0 |       6 |       0 |   0.0
            +---------+---------+-------+---------+---------+-------
